 Dungeon Sprint DCSS version 0.26-a0-1033-gd598b01645 (webtiles) character file.

Game seed: 10218175009300207638

464 mhtbhm the Sharpshooter (level 7, -1/46 HPs)
             Began as a Kobold Hunter on Dec 10, 2020.
             Was a Follower of Okawaru.
             Slain by a two-headed ogre
             ... wielding a +0 giant club
              (4 damage)
             ... in the Dungeon (Sprint IX: "|||||||||||||||||||||||||||||").
             The game lasted 00:01:58 (485 turns).

mhtbhm the Sharpshooter (Kobold Hunter)              Turns: 485, Time: 00:01:59

Health: -1/46      AC: 11    Str: 10    XL:     7   Next: 29%
Magic:  7/7        EV:  8    Int: 13    God:    Okawaru [*.....]
Gold:   0          SH:  0    Dex: 16    Spells: 6/6 levels left

rFire    . . .     SeeInvis .   a - +1 hand crossbow
rCold    . . .     Faith    .   (shield restricted)
rNeg     . . .     Spirit   .   b - +1 chain mail
rPois    .         Reflect  .   o - +0 helmet
rElec    .         Harm     .   (no cloak)
rCorr    .         Rampage  .   (no gloves)
Will     .....     NoTele   +   p - +0 pair of boots
Stlth    ..........             (no amulet)
HPRegen  0.15/turn              (no ring)
MPRegen  0.10/turn              (no ring)

@: no status effects
A: small, nightstalker 3
a: Heroism, Renounce Religion


You were in the Dungeon.
You worshipped Okawaru.
Okawaru was aware of your devotion.
You visited 1 branch

Inventory:

Hand Weapons
 a - a +1 hand crossbow (weapon)
Missiles
 d - 6 bolts (quivered ammo)
Armour
 b - a +1 chain mail (worn)
 o - a +0 helmet (worn)
 p - a +0 pair of boots (worn)
Jewellery
 q - a +2 ring of evasion
 r - a +3 ring of intelligence
Wands
 n - a wand of acid (8)
Scrolls
 j - 2 scrolls of blinking
 l - 3 scrolls of remove curse
 m - 2 scrolls of amnesia
Potions
 e - 5 potions of curing
 f - 3 potions of heal wounds
 g - a potion of haste
 h - 4 potions of magic
 i - a potion of berserk rage
 k - a potion of invisibility


   Skills:
 + Level 6.1 Fighting
 + Level 15.1 Crossbows
 + Level 2.0 Armour
 + Level 4.8 Dodging
 + Level 1.9 Stealth


You had 6 spell levels left.
You didn't know any spells.
Your spell library was empty.

Dungeon Overview and Level Annotations

Branches:
Dungeon (1/1)

Altars:
Cheibriados
Dithmenos
Elyvilon
Fedhas
Gozag
Hepliaklqana
Kikubaaqudgha
Makhleb
Nemelex Xobeh
Okawaru
Qazlal
Ru
Sif Muna
Trog
Uskayaw
Vehumet
Wu Jian
Xom
Yredelemnul
Zin
The Shining One
Beogh
Jiyva
Lugonu


Innate Abilities, Weirdness & Mutations

You are small and have problems with some larger weapons.
You are completely attuned to the shadows.


Message History

There's a creature in the doorway!
Evoke which item? (* to show all) (? for menu, Esc to quit)
Aiming: Corrosive Bolt
Press: ? - help, Shift-Dir - straight line, f/p - two-headed ogre
Aim: a two-headed ogre, wielding a +0 giant club and a +0 giant spiked club (heavily wounded, 14% to evade)
The bolt of acid hits the two-headed ogre!
The two-headed ogre is splashed with acid!
The acid corrodes the two-headed ogre!
The two-headed ogre is severely wounded.
The bolt of acid hits the white ugly thing!
The white ugly thing is splashed with acid.
The acid corrodes the white ugly thing!
The white ugly thing is moderately wounded.
The bolt of acid misses the wyvern.
The bolt of acid hits the bullfrog!
The bullfrog is splashed with acid.
The acid corrodes the bullfrog!
The bullfrog is almost dead.
The two-headed ogre hits you with a +0 giant club!
* * * LOW HITPOINT WARNING * * *
The two-headed ogre hits you with a +0 giant spiked club.
You die...

▓F▓
▓l▓
▓u▓
▓O▓
▓@▓
▓.▓
▓.▓
▓.▓
▓.▓
▓.▓
▓)▓
▓.▓
▓[▓


You could see a white ugly thing (corroded), a two-headed ogre (corroded), a
wyvern and a bullfrog (corroded).

Vanquished Creatures
  An ice beast (D)
  An eye of draining (D)
  An orc warrior (D)
  2 ogres (D)
  An adder (D)
  2 adder skeletons (D)
  A worm (D)
  A bat (D)
  2 giant cockroaches (D)
  A hobgoblin (D)
  A jackal (D)
  A ball python zombie (D)
  A frilled lizard (D)
  A kobold (D)
17 creatures vanquished.

Notes
Turn   | Place    | Note
-------+----------+-------------------------------------------
     0 | D        | mhtbhm the Kobold Hunter began the quest for the Orb.
     0 | D        | Reached XP level 1. HP: 12/12 MP: 1/1
     4 | D        | Banished a spatial maelstrom
     5 | D        | Reached skill level 5 in Crossbows
    10 | D        | Reached skill level 6 in Crossbows
    32 | D        | Reached XP level 2. HP: 17/18 MP: 2/2
    58 | D        | Noticed an ogre
    62 | D        | Reached skill level 7 in Crossbows
    65 | D        | Killed an ogre
    66 | D        | Reached skill level 10 in Crossbows
    66 | D        | Reached XP level 3. HP: 23/24 MP: 3/3
    66 | D        | Reached XP level 4. HP: 27/29 MP: 4/4
    75 | D        | Found a roughly hewn altar of Beogh.
    75 | D        | Found a snail-covered altar of Cheibriados.
    75 | D        | Found a shadowy altar of Dithmenos.
    76 | D        | Found a white marble altar of Elyvilon.
    77 | D        | Found a blossoming altar of Fedhas.
    78 | D        | Found an opulent altar of Gozag.
    79 | D        | Found a hazy altar of Hepliaklqana.
    80 | D        | Found a viscous altar of Jiyva.
    81 | D        | Found an ancient bone altar of Kikubaaqudgha.
    82 | D        | Found a corrupted altar of Lugonu.
    83 | D        | Found a burning altar of Makhleb.
    84 | D        | Found a sparkling altar of Nemelex Xobeh.
    85 | D        | Found an iron altar of Okawaru.
    86 | D        | Found a stormy altar of Qazlal.
    87 | D        | Found a sacrificial altar of Ru.
    88 | D        | Found a shimmering blue altar of Sif Muna.
    89 | D        | Found a bloodstained altar of Trog.
    90 | D        | Found a hide-covered altar of Uskayaw.
    91 | D        | Found a radiant altar of Vehumet.
    92 | D        | Found an ornate altar of the Wu Jian Council.
    96 | D        | Became a worshipper of Warmaster Okawaru
   100 | D        | Found a shimmering altar of Xom.
   101 | D        | Found a basalt altar of Yredelemnul.
   102 | D        | Found a glowing silver altar of Zin.
   103 | D        | Found a glowing golden altar of the Shining One.
   165 | D        | Noticed an orc warrior
   165 | D        | Noticed an ice beast
   169 | D        | Reached XP level 5. HP: 33/33 MP: 5/5
   179 | D        | Killed an ice beast
   180 | D        | Reached skill level 12 in Crossbows
   180 | D        | Reached skill level 1 in Armour
   180 | D        | Reached XP level 6. HP: 20/39 MP: 6/6
   182 | D        | Killed an orc warrior
   183 | D        | Reached skill level 5 in Fighting
   183 | D        | Reached skill level 13 in Crossbows
   405 | D        | Noticed an eye of draining
   414 | D        | Killed an eye of draining
   414 | D        | Reached * piety under Okawaru
   415 | D        | Reached skill level 14 in Crossbows
   415 | D        | Reached XP level 7. HP: 45/45 MP: 0/7
   425 | D        | Reached skill level 15 in Crossbows
   478 | D        | Noticed a wyvern
   478 | D        | Noticed a two-headed ogre
   480 | D        | Noticed a white ugly thing
   485 | D        | Slain by a two-headed ogre

Illustrated notes

Levels and vault maps discovered:
D:        linesprint [early_d, line_temple, items_1, d_10, items_2, lair_1,
          lair_end, items_3, orc_1, orc_end, items_4, d_15, swamp_1, shoals_1,
          snake_1, spider_1, d_20, vaults_1, items_5, swamp_end, shoals_end,
          snake_end, spider_end, vaults_end, d_27, items_6, zot_1, zot_end,
          crypt_end, forest_end, elf_end, slime_end, tomb_end, abyss_end,
          pan_hell_end]

Skill      XL: |  1  2  3  4  5  6  7 |
---------------+----------------------+-----
Crossbows      | 6 10 12 14 15 | 15.1
Fighting       | 3 4 5 6 |  6.1
Dodging        | 3 4 |  4.8
Armour         | 1 2 |  2.0
Stealth        | |  1.9

Action                   |  1- 3 |  4- 6 |  7- 9 || total
-------------------------+-------+-------+-------++-------
 Fire: Hand crossbow     |    24 |    21 |     9 ||    54
Evoke: Wand              |       |     1 |     1 ||     2
Armor: Leather armour    |     3 |       |       ||     3
       Chain mail        |       |     6 |     2 ||     8
Dodge: Dodged            |    12 |     1 |     2 ||    15

Table legend: (Time is in decaauts)
 A = Elapsed time spent in this place.
 B = Non-inter-level travel time spent in this place.
 C = Inter-level travel time spent in this place.
 D = Time resting spent in this place.
 E = Time spent auto-exploring this place.
 F = Levels seen in this place.
 G = Mean time per level.
                   A        B        C        D        E       F      G
               +--------+--------+--------+--------+--------+-----+--------+
         Total |    489 |    489 |      0 |    253 |      0 |   1 |  489.0 |
       Dungeon |    489 |    489 |      0 |    253 |      0 |   1 |  489.0 |
               +--------+--------+--------+--------+--------+-----+--------+

Top non-repeatable levels by time:
       D: 489 daAuts
